 Dungeon Crawl Stone Soup version 0.14.0-9-g9c5475a (webtiles) character file.

396 RogerD the Ogre Mage (level 5, -3/45 HPs)
             Began as an Ogre Fire Elementalist on Apr 14, 2014.
             Slain by an orc
             ... wielding a +2,+3 mace of protection
              (4 damage)
             ... on Level 4 of the Dungeon.
             The game lasted 01:20:56 (4472 turns).

RogerD the Ogre Mage (Ogre Fire Elementalist)       Turns: 4472, Time: 01:20:56

HP  -3/45        AC  4     Str 18      XL: 5   Next: 94%
MP   0/13        EV 10     Int 19      God:
Gold 179         SH  0     Dex  9 (10) Spells:  3 memorised,  6 levels left

rFire  . . .     SeeInvis .     s - +4,+2 hand axe
rCold  . . .     Clarity  .     a - +1 robe
rNeg   . . .     Conserve .     (shield restricted)
rPois  .         rCorr    .     (helmet restricted)
rElec  .         rRot     .     (no cloak)
SustAb . .       Spirit   .     (gloves unavailable)
rMut   .         Warding  .     (boots unavailable)
Saprov + . .     Stasis   .     o - amulet of inaccuracy {unknown}
MR     .....                    (no ring)
                                d - +4 ring of intelligence

@: mighty, not resistant to hostile enchantments, unstealthy
A: unfitting armour, fast metabolism 1, saprovore 1, tough skin 1
a: no special abilities


You were on level 4 of the Dungeon.
You were not hungry.

You visited 1 branch of the dungeon, and saw 4 of its levels.

You collected 179 gold pieces.

Inventory:

Hand weapons
 s - a +4,+2 hand axe (weapon)
Armour
 a - a +1 robe (worn)
Comestibles
 c - 4 meat rations
 k - 2 bread rations
 r - 2 rotting chunks of jackal flesh
Scrolls
 e - a scroll of remove curse
 g - a scroll of magic mapping
 h - a scroll of identify
 i - 2 scrolls of enchant armour
 l - a scroll of fog {unknown}
 m - a scroll of amnesia
 p - a scroll of recharging {unknown}
Jewellery
 d - a +4 ring of intelligence (left hand)
 o - an amulet of inaccuracy (around neck) {unknown}
Potions
 n - 2 potions of agility
 q - a potion of curing
Books
 b - a book of Flames

   Spells                             Type                      Level
   *Flame Tongue                      Conjuration/Fire             1
   *Throw Flame                       Conjuration/Fire             2
   *Conjure Flame                     Conjuration/Fire             3
   Inner Flame                        Hexes/Fire                   3
   Sticky Flame                       Conjuration/Fire             4
   Fireball                           Conjuration/Fire             5


   Skills:
   Level 0.3 Maces & Flails
 - Level 2.3 Dodging
 - Level 1.7 Stealth
 - Level 0.3 Unarmed Combat
 + Level 4.1 Spellcasting
 + Level 1.5 Conjurations
 + Level 3.4 Fire Magic


You had 6 spell levels left.
You knew the following spells:

 Your Spells              Type           Power        Failure   Level  Hunger
a - Flame Tongue          Conj/Fire      ##...        6%          1    None
b - Throw Flame           Conj/Fire      ##....       10%         2    #......
c - Conjure Flame         Conj/Fire      ##......     14%         3    ###....


Dungeon Overview and Level Annotations

Branches:
Dungeon (4/15)
 Temple: D:4-7

Altars:
Trog
Vehumet

Annotations:
D:4 Pikel


Innate Abilities, Weirdness & Mutations

You are too large for most types of armour.
You have a fast metabolism.
You can tolerate rotten meat.
You have tough skin (AC +1).


Message History

Aiming: Flame Tongue
Press: ? - help, Shift-Dir - straight line, f/p - orc
Aim: an orc, wielding a runed mace and wearing a leather armour The flame tongue misses the orc.
You closely miss the orc. The orc hits you with a runed mace.
* * * LOW HITPOINT WARNING * * *
The orc closely misses you.
Casting: Flame Tongue
Confirm with . or Enter, or press ? or * to list all spells.
Aiming: Flame Tongue
Press: ? - help, Shift-Dir - straight line, f/p - orc
Aim: an orc, wielding a runed mace and wearing a leather armour The flame tongue hits the orc.
The orc is moderately wounded.
You hit the orc.
The orc is severely wounded.
The orc hits you with a runed mace.
* * * LOW HITPOINT WARNING * * *
The orc hits you with a runed mace.
You die...

########### #.........#
###### #..@......#
.....# #####..o......#
.....# #...'.........#
.....#####)###.........#
...........# #....>....#
.....####### #.........#
.....# #.........#
###### ###'####### ..#
#.)#


You could see an orc.

Vanquished Creatures
  Jessica (D:2)
  10 adders
  A giant mite (D:2)
  4 worms
  A giant gecko (D:3)
  An ooze (D:2)
  3 orcs
  A bat skeleton (D:4)
  A giant cockroach (D:2)
  7 goblins
  7 hobgoblins
  10 jackals
  6 kobolds
  A quokka (D:2)
  3 ball pythons
  4 bats
  10 giant newts
  A kobold skeleton (D:4)
  11 rats
83 creatures vanquished.

Vanquished Creatures (others)
  4 slaves (D:4)
  A hound (D:4)
  A bat (D:4)
6 creatures vanquished.

Grand Total: 89 creatures vanquished

Notes
Turn   | Place    | Note
--------------------------------------------------------------
     0 | D:1      | RogerD, the Ogre Fire Elementalist, began the quest for the Orb.
     0 | D:1      | Reached XP level 1. HP: 16/16 MP: 3/3
   192 | D:1      | Reached XP level 2. HP: 19/24 MP: 1/5
   794 | D:1      | Learned a level 2 spell: Throw Flame
   911 | D:1      | Reached XP level 3. HP: 31/31 MP: 2/6
  1150 | D:2      | Reached skill level 3 in Spellcasting
  1175 | D:2      | Reached XP level 4. HP: 37/39 MP: 1/9
  1336 | D:2      | Found a radiant altar of Vehumet.
  1374 | D:2      | Noticed Jessica
  1425 | D:2      | Killed Jessica
  1425 | D:2      | Reached skill level 1 in Conjurations
  1661 | D:2      | HP: 1/39 [poisoned by an adder]
  2174 | D:2      | Reached XP level 5. HP: 21/45 MP: 1/11
  2757 | D:3      | Found a bloodstained altar of Trog.
  3265 | D:3      | Reached skill level 4 in Spellcasting
  3496 | D:3      | Learned a level 3 spell: Conjure Flame
  3563 | D:4      | Killed a slave
  3618 | D:4      | Killed a slave
  3624 | D:4      | Noticed Pikel
  3646 | D:4      | Killed a slave
  3650 | D:4      | Killed a slave
  4358 | D:4      | Noticed an orc warrior
  4465 | D:4      | HP: 1/45 [orc/runed mace (4)]
  4472 | D:4      | HP: 1/45 [orc/runed mace (1)]
  4472 | D:4      | Slain by an orc

Action                   |  1- 3 |  4- 6 || total
-------------------------+-------+-------++-------
Melee: Unarmed           |    39 |       ||    39
       Club              |     5 |    49 ||    54
       Hand axe          |       |    45 ||    45
 Cast: Flame Tongue      |    44 |    60 ||   104
       Throw Flame       |    10 |    72 ||    82
       Conjure Flame     |       |     3 ||     3
  Use: Scroll            |       |     7 ||     7
       Potion            |       |     6 ||     6
